 Dungeon Crawl Stone Soup version 0.30-a0-760-g5a9884bb7c (webtiles) character file.

Game seed: 3918269870084765536

1581 croobank the Chiller (level 8, 0/64 (67) HPs)
             Began as a Demigod Ice Elementalist on Feb 10, 2023.
             Slain by a wight
             ... wielding a +3 mace
              (6 damage)
             ... on level 6 of the Dungeon.
             The game lasted 00:19:35 (8230 turns).

croobank the Chiller (Demigod Ice Elementalist)     Turns: 8230, Time: 00:19:36

HP:   0/64 (67)     AC: 13    Str: 15    XL:     8   Next: 34%
MP:   10/17         EV: 13    Int: 25    God:
Gold: 236           SH:  0    Dex: 14    Spells: 8/15 levels left

rFire   + + +      SeeInvis .    u - +7 sling of Quesi {drain, Contam rF++ rN+}
rCold   . . .      Faith    .    (no shield)
rNeg    + . .      Spirit   .    o - +3 leather armour "Heibaaj" {rF+ Str+3}
rPois   .          Reflect  .    (no helmet)
rElec   .          Harm     .    (no cloak)
rCorr   .          Rampage  .    (no gloves)
Will    .....                    x - +1 pair of boots "Homomuid" {Str+3}
Stlth   +++                      (no amulet)
HPRegen 0.30/turn                (no ring)
MPRegen 0.15/turn                (no ring)

@: ice-armoured, freezing walls, hasted, lightly drained, very quick
A: high MP 1, forlorn, divine attributes
a: no special abilities


You were on level 6 of the Dungeon.
You visited 1 branch of the dungeon, and saw 6 of its levels.

You collected 236 gold pieces.

Inventory:

Hand Weapons
 a - a +2 vampiric short sword
 b - a +0 sling of draining
 d - a +0 spear
 m - a +0 hand axe
 s - a +0 trident
 u - the +7 sling of Quesi (weapon) {drain, Contam rF++ rN+}
   (You found it on level 5 of the Dungeon)

   rF:        It greatly protects you from fire.
   rN:        It protects you from negative energy.
   Contam:    It causes magical contamination when unequipped.
 v - a +3 war axe of electrocution
 w - a +0 scimitar
Armour
 l - the +1 scale mail "Womunn" {rC+ rCorr Stlth+}
   (You took it off an orc on level 3 of the Dungeon)

   rC:        It protects you from cold.
   rCorr:     It protects you from acid and corrosion.
   Stlth:     It makes you more stealthy.
 o - the +3 leather armour "Heibaaj" (worn) {rF+ Str+3}
   (You found it on level 3 of the Dungeon)

   Str:       It affects your strength (+3).
   rF:        It protects you from fire.
 x - the +1 pair of boots "Homomuid" (worn) {Str+3}
   (You acquired it on level 6 of the Dungeon)

   Str:       It affects your strength (+3).
Jewellery
 q - an amulet of reflection
Wands
 f - a wand of paralysis (8)
 g - a wand of light (13)
Scrolls
 i - 2 scrolls of poison
 n - 2 scrolls of amnesia
 t - a scroll of magic mapping
Potions
 c - a potion of mutation {unknown}
 e - a potion of attraction
 j - a potion of flight {unknown}
 k - 4 potions of heal wounds {unknown}
 p - a potion of cancellation {unknown}
 r - 2 potions of magic


   Skills:
 + Level 4.8 Fighting
 + Level 4.5 Dodging
 + Level 5.0 Stealth
 + Level 4.2 Spellcasting
 + Level 5.6 Ice Magic


You had 8 spell levels left.
You knew the following spells:

 Your Spells              Type           Power      Damage    Failure   Level
a - Freeze                Ice            100%       1d10      1%          1
b - Frozen Ramparts       Ice            66%        1d10      3%          3
c - Ozocubu's Armour      Ice            33%        N/A       3%          3

Your spell library contained the following spells:

 Spells                   Type           Power      Damage    Failure   Level
 Kiss of Death            Conj/Necr      20%        2d7       11%         1
 Slow                     Hex            20%        N/A       11%         1
 Confusing Touch          Hex            5%         N/A       32%         3
 Vampiric Draining        Necr           5%         2d6       32%         3
 Summon Ice Beast         Ice/Summ       19%        N/A       34%         4
 Dispel Undead            Necr           5%         3d7       73%         4
 Malign Gateway           Summ/Tloc      2%         N/A       100%        7
 Summon Horrible Things   Summ           2%         N/A       100%        8


Dungeon Overview and Level Annotations

Branches:
Dungeon (6/15)             Temple (0/1) D:4


Innate Abilities, Weirdness & Mutations

You have an increased reservoir of magic. (+10% MP)
You shall have no god before yourself.
Your divine heritage dramatically boosts your attributes as you level up.


Message History

You partially resist.
You feel drained. The wight misses you.
Your life force feels restored.
Your Stealth skill increases to level 5!
Fire: u) +7 sling of Quesi {drain, Contam rF++ rN+}
Press: ? - help, Q - select action, (/) - cycle Shift-Dir - straight line, f - wight
Aim: a wight, wielding a +3 mace and wearing a +0 robe (66% to hit)
Okay, then.
Casting: Frozen Ramparts (dangerous; 3% risk of failure)
Confirm with . or Enter, or press ? or * to list all spells.
Casting: Frozen Ramparts (dangerous; 3% risk of failure)
Press: ? - help, Dir - look around, f - activate The walls around you are covered in ice.
The wall freezes the howler monkey.
The howler monkey hoots and howls with incredible vigour!
The wight splashes around in the water.
The gnoll hits you from afar with a +0 halberd!
The wight hits you with a +3 flail!
* * * LOW HITPOINT WARNING * * *
You partially resist.
You feel drained.
* * * LOW HITPOINT WARNING * * *
The wight resists.
The wall freezes the wight.
The wight hits you but does no damage.
The wall freezes the howler monkey!
The wight completely resists.
The wall freezes the wight but does no damage.
The wight barely misses you.
You hear a shout! x9
Okay, then.
Okay, then.
You feel yourself speed up. The wight hits you with a +0 mace.
* * * LOW HITPOINT WARNING * * *
You partially resist.
You feel drained. The gnoll closely misses you.
The wight hits you with a +3 flail.
* * * LOW HITPOINT WARNING * * *
An orc comes into view. It is wielding a +0 club.
The wall freezes the howler monkey!
You kill the howler monkey!
The wight completely resists.
The wall freezes the wight but does no damage.
The wight hits you with a +3 mace.
You die...

#≈§§# # #≈z§# #
#≈.§# # #≈Y§# #
#..§# # #'''# #
#...#.### #
#########z.......
.......@z)z...o..
≈~~≈~~~zzg~≈~~~≈~
≈≈≈≈≈≈≈≈≈≈≈≈≈≈≈≈≈
#####~~~~~~~~~~~~
#. #............
# #############


You could see 5 wights, a gnoll and an orc.

Vanquished Creatures
  A hornet (D:6)
  Duvessa (D:6)
  An ice beast (D:6)
  2 centaurs (D:6)
  A bullfrog (D:6)
  A necrophage (D:6)
  5 scorpions
  Dowan (D:6)
  A howler monkey (D:6)
  4 hounds
  A jelly (D:3)
  2 orc priests
  An iguana (D:6)
  5 orc wizards
  9 adders
  A shadow imp (D:6)
  2 ufetubi
  A dart slug (D:1)
  14 orcs
  11 ball pythons
  14 endoplasms
  12 goblins
  8 hobgoblins
  10 jackals
  5 kobolds
  2 quokkas
  11 bats
  5 frilled lizards
  5 rats
137 creatures vanquished.

Notes
Turn   | Place    | Note
-------+----------+-------------------------------------------
     0 | D:1      | croobank the Demigod Ice Elementalist began the quest for
                  | the Orb.
     0 | D:1      | Reached XP level 1. HP: 14/14 MP: 5/5
   258 | D:1      | Reached XP level 2. HP: 8/20 MP: 7/7
   261 | D:1      | HP: 1/20 [frozen (5)]
  1208 | D:1      | Reached XP level 3. HP: 25/27 MP: 4/8
  1263 | D:1      | Learned a level 3 spell: Frozen Ramparts
  1624 | D:1      | Reached skill level 1 in Fighting
  3245 | D:2      | Reached XP level 4. HP: 35/35 MP: 4/10
  3251 | D:2      | Learned a level 3 spell: Ozocubu's Armour
  4103 | D:3      | Identified the +3 leather armour "Heibaaj" {rF+ Str+3}
  4120 | D:3      | Identified the +1 scale mail "Womunn" {rC+ rCorr Stlth+}
  4331 | D:3      | Reached XP level 5. HP: 41/41 MP: 6/11
  4721 | D:4      | Found a staircase to the Ecumenical Temple.
  5686 | D:4      | Reached XP level 6. HP: 45/50 MP: 9/13
  6219 | D:5      | Entered Level 5 of the Dungeon
  6477 | D:5      | Identified the +7 sling of Quesi {drain, Contam rF++ rN+}
  7038 | D:6      | Reached XP level 7. HP: 58/58 MP: 8/14
  7217 | D:6      | Identified a scroll of acquirement
  7217 | D:6      | Acquired the +1 pair of boots "Homomuid" {Str+3}
  7226 | D:6      | Noticed a hornet
  7240 | D:6      | Killed a hornet
  7241 | D:6      | Reached skill level 5 in Ice Magic
  7696 | D:6      | Noticed Dowan
  7699 | D:6      | Noticed Duvessa
  7702 | D:6      | Killed Dowan
  7708 | D:6      | Killed Duvessa
  7861 | D:6      | Reached XP level 8. HP: 67/67 MP: 10/17
  8229 | D:6      | Reached skill level 5 in Stealth
  8230 | D:6      | Slain by a wight

Illustrated notes

Levels and vault maps discovered:
D:1:      ncdulo_smallfort, layout_loops_corners, serial_glass, glass_columns_a,
          glass_columns_b, glass_columns_b, kennysheep_decorative_pillar,
          minmay_hedge_maze, minmay_surrounded
D:2:      layout_loops_ring, minmay_goblin_kobold_house
D:3:      layout_rooms, gammafunk_temple_overflow_wave
D:4:      layout_cave_pods, tso_metal_star, temple_green
D:5:      layout_basic
D:6:      lemuel_castle_with_subvaults [lemuel_castle_interior_original],
          layout_basic, hangedman_ru_absence, kennysheep_cross_bottleneck,
          chequers_jeans, uniq_duvessa

Skill      XL: |  1  2  3  4  5  6  7  8 |
---------------+-------------------------+-----
Dodging        | 2 3 4 |  4.5
Stealth        | 2 3 4 5 |  5.0
Spellcasting   | 2 3 4 |  4.2
Fighting       | 1 2 3 4 |  4.8
Ice Magic      | 4 5 |  5.6

Action                     |  1- 3 |  4- 6 |  7- 9 || total
---------------------------+-------+-------+-------++-------
  Melee: Dagger            |    18 |       |       ||    18
         Short sword       |    12 |    13 |       ||    25
         War axe           |       |       |     7 ||     7
   Fire: Sling             |    12 |    99 |    51 ||   162
   Cast: Freeze            |    48 |    15 |     9 ||    72
         Frozen Ramparts   |    14 |    11 |    11 ||    36
         Ozocubu's Armour  |       |    16 |    11 ||    27
    Use: Potion            |     1 |       |     3 ||     4
         Scroll            |     6 |     7 |     2 ||    15
   Stab: Sleeping          |     2 |       |       ||     2
 Armour: Robe              |    18 |     9 |       ||    27
         Leather armour    |       |    16 |    33 ||    49
  Dodge: Dodged            |    42 |    45 |    50 ||   137

Table legend: (Time is in decaauts)
 A = Elapsed time spent in this place.
 B = Non-inter-level travel time spent in this place.
 C = Inter-level travel time spent in this place.
 D = Time resting spent in this place.
 E = Time spent auto-exploring this place.
 F = Levels seen in this place.
 G = Mean time per level.
                   A        B        C        D        E       F      G
               +--------+--------+--------+--------+--------+-----+--------+
         Total |   8308 |   8210 |     98 |   3477 |   3692 |   6 | 1384.7 |
       Dungeon |   8308 |   8210 |     98 |   3477 |   3692 |   6 | 1384.7 |
               +--------+--------+--------+--------+--------+-----+--------+

Top non-repeatable levels by time:
     D:2: 2093 daAuts
     D:1: 1666 daAuts
     D:4: 1524 daAuts
     D:6: 1158 daAuts
     D:3: 967 daAuts
     D:5: 897 daAuts
